cohdb
Replays
Latest Replays
All Replays
Popular Replays
Top Player Replays
Match Explorer
How It Works
Community
CoH3 Stats
Reddit
Sign in to upload your games and track your stats! →
Sign in with Steam
Match 42750909
Unlisted
Match 42750909
Overview
Messages
Build Orders
End
250 Light Carrier
Selects Panzerjäger Kommand Battlegroup
Selects Mine Fields
Panzergrenadier Squad
Panzergrenadier Squad
Construct Light Support Kompanie
MG34 Team
Fire Support Elements
Selects GrB 39 Grenade Launcher Requisition
Panzerjäger Mechanized Group
Combat Half-tracks
Flakvierling Half-track
Construct Panzerarmee Kommand
Selects Defensive Positions
Panzerjäger Mechanized Group
Panzerpioneer Squad
Panzergrenadier Squad
Walking Stuka Rocket Launcher
Selects Butterfly Bomb Drop
Butterfly Bomb Drop
Flakvierling Half-track
Assault Mechanized Group
Butterfly Bomb Drop
Butterfly Bomb Drop
RadarContact
idjTO0rxIlnnmm
Yuiosh
Kcodarc
TidaL
CaptureTheSwag
0
0
Comments
sign in to comment!
No comments posted yet!